 Dungeon Crawl Stone Soup version 0.29-a0-1027-gcd8c55af63 (webtiles) character file.

Game seed: 1964871235871336997

759 Destapler the Stinger (level 7, -3/35 HPs)
             Began as a Spriggan Venom Mage on Aug 13, 2022.
             Was an Initiate of Vehumet.
             Slain by an ice beast (12 damage)
             ... on level 4 of the Dungeon.
             The game lasted 00:27:39 (6229 turns).

Destapler the Stinger (Spriggan Venom Mage)         Turns: 6229, Time: 00:27:39

Health: -3/35      AC:  4    Str:  8    XL:     7   Next: 50%
Magic:  10/13      EV: 18    Int: 18    God:    Vehumet [......]
Gold:   76         SH:  0    Dex: 16    Spells: 6/13 levels left

rFire   . . .      SeeInvis +   a - +3 dagger
rCold   . . .      Faith    .   (no shield)
rNeg    + + .      Spirit   .   p - +2 robe "Xuebusof" {Drain rN++ Str+4}
rPois   .          Reflect  .   (helmet restricted)
rElec   .          Harm     .   (no cloak)
rCorr   .          Rampage  .   (gloves unavailable)
Will    +....                   (boots unavailable)
Stlth   +++.......              (no amulet)
HPRegen 0.11/turn               (no ring)
MPRegen 0.13/turn               (no ring)

@: very quick
A: very small, no large weapons, unfitting armour, see invisible, speed 3
a: Renounce Religion


You were on level 4 of the Dungeon.
You worshipped Vehumet.
Vehumet was noncommittal.
You visited 1 branch of the dungeon, and saw 5 of its levels.

You collected 207 gold pieces.
You spent 131 gold pieces at shops.

Inventory:

Hand Weapons
 a - a +3 dagger (weapon)
Armour
 p - the +2 robe "Xuebusof" (worn) {Drain rN++ Str+4}
   (You bought it in a shop on level 4 of the Dungeon)

   Str:       It affects your strength (+4).
   rN:        It greatly protects you from negative energy.
   Drain:     It drains your maximum health when unequipped.
Scrolls
 g - a scroll of teleportation
 j - a scroll of blinking
Potions
 b - 2 potions of magic
 d - a potion of lignification {unknown}
 e - 2 potions of haste
 h - a potion of resistance
 i - 2 potions of heal wounds {unknown}
 l - a potion of curing
 m - a potion of degeneration {unknown}
 n - a potion of mutation {unknown}


   Skills:
 + Level 2.7 Fighting
 - Level 3.0 Short Blades
 - Level 4.0 Dodging
 - Level 4.0 Stealth
 + Level 3.7 Spellcasting
 + Level 3.2 Translocations
 + Level 3.8 Transmutations
 - Level 2.0 Air Magic
 + Level 4.4 Poison Magic
 - Level 2.0 Evocations


You had 6 spell levels left.
You knew the following spells:

 Your Spells              Type           Power      Damage    Failure   Level
a - Sting                 Tmut/Pois      72%        1d6       2%          1
b - Poisonous Vapours     Pois/Air       28%        N/A       6%          2
c - Olgreb's Toxic Radia  Pois           19%        N/A       24%         4

Your spell library contained the following spells:

 Spells                   Type           Power      Damage    Failure   Level
 Passwall                 Tmut/Erth      8%         N/A       11%         2
 Magic Dart               Conj           12%        1d3       16%         1
 Necrotise                Necr           12%        1d4       16%         1
 Sandblast                Erth           6%         2d5       16%         1
 Mephitic Cloud           Conj/Pois/Air  11%        N/A       19%         3
 Call Imp                 Summ           3%         N/A       22%         2
 Stone Arrow              Conj/Erth      6%         3d7       41%         3
 Vampiric Draining        Necr           3%         2d6       41%         3
 Agony                    Necr           3%         N/A       99%         5
 Summon Cactus Giant      Summ           1%         N/A       100%        6
 Haunt                    Necr/Summ      1%         N/A       100%        7


Dungeon Overview and Level Annotations

Branches:
Dungeon (5/15)
 Temple: D:4-7

Altars:
Fedhas
Vehumet

Shops:
D:4 [


Innate Abilities, Weirdness & Mutations

You are very small and have problems with some larger weapons.
You are too small for most types of armour.
You have supernaturally acute eyesight. (SInv)
You cover ground extremely quickly. (Speed+++)


Message History

The phantom misses you.
You hit the phantom.
You destroy the phantom!
Vehumet accepts your kill.
Your Translocations skill increases to level 3!
The sting hits the ufetubus.
The ufetubus is poisoned.
The ufetubus is heavily wounded.
The ufetubus misses you. x2
The sting hits the ufetubus but does no damage.
The ufetubus looks even sicker.
The ufetubus is severely wounded.
The ufetubus misses you. The ufetubus hits you.
The ufetubus closely misses you. The ufetubus misses you.
The sting hits the ufetubus.
The ufetubus looks even sicker.
The ufetubus is severely wounded.
The ufetubus barely misses you. The ufetubus closely misses you.
The sting hits the ufetubus.
The ufetubus looks as sick as possible!
You kill the ufetubus!
Vehumet accepts your kill.
Magic restored.
HP restored.
An ice beast is nearby!
Casting: Sting (safe; 2% risk of failure)
Confirm with . or Enter, or press ? or * to list all spells.
You can't see any susceptible monsters within range! (Use Z to cast anyway.)
There is a stone staircase leading up, spattered with blood here.
The sting hits the ice beast but does no damage.
The ice beast is poisoned.
The ice beast hits you. The ice beast freezes you!
You climb upwards.
There is a stone staircase leading down here.
The sting misses the ice beast.
The ice beast hits you. The ice beast freezes you!
* * * LOW HITPOINT WARNING * * *
The sting hits the ice beast.
The ice beast looks even sicker.
The ice beast is lightly wounded.
The ice beast hits you.
* * * LOW HITPOINT WARNING * * *
The ice beast freezes you!
You die...

###########
#.........#
#.........#######
#.........#.....#
#.........#.....#
##.........#.....#
..)........#.....#
#..........#.....#
................@#
#..............Y.#
..).........######
..#.#######.#
..#.### #.#
..(...#####.#
.##.#....##.####
.##.#)(........#
###.#..........#


You could see an ice beast (very poisoned).

Vanquished Creatures
  A phantom (D:5)
  A necrophage (D:5)
  2 scorpions
  A howler monkey (D:4)
  2 jellies (D:4)
  5 hounds
  2 iguanas
  8 adders
  6 gnolls
  2 ufetubi
  A worm (D:3)
  2 dart slugs
  4 orcs
  7 ball pythons
  6 endoplasms
  A giant cockroach (D:2)
  4 goblins
  6 hobgoblins
  2 bats
  2 frilled lizards
  5 kobolds
  5 rats
75 creatures vanquished.

Notes
Turn   | Place    | Note
-------+----------+-------------------------------------------
     0 | D:1      | Destapler the Spriggan Venom Mage began the quest for the
                  | Orb.
     0 | D:1      | Reached XP level 1. HP: 9/9 MP: 5/5
   282 | D:1      | Reached XP level 2. HP: 13/13 MP: 3/6
  1229 | D:2      | Reached skill level 1 in Short Blades
  1400 | D:2      | Reached XP level 3. HP: 17/17 MP: 2/8
  1731 | D:2      | Found a faded altar of an unknown god.
  2488 | D:3      | Reached XP level 4. HP: 21/21 MP: 6/9
  2694 | D:3      | Noticed a scorpion
  2720 | D:3      | Killed a scorpion
  2721 | D:3      | Reached skill level 1 in Translocations
  2721 | D:3      | Reached skill level 1 in Air Magic
  2721 | D:3      | Reached skill level 1 in Evocations
  2935 | D:3      | Learned a level 2 spell: Poisonous Vapours
  2979 | D:3      | Reached XP level 5. HP: 25/25 MP: 7/10
  3181 | D:3      | Reached skill level 1 in Fighting
  3280 | D:3      | Found a faded altar of an unknown god.
  3427 | D:3      | Found a radiant altar of Vehumet.
  3915 | D:4      | Found Inegricro's Antique Armour Emporium.
  3966 | D:3      | Became a worshipper of Vehumet
  4084 | D:4      | Reached XP level 6. HP: 24/30 MP: 4/11
  4902 | D:4      | Got the Compilation of Changed Rallying
  4916 | D:4      | Learned a level 4 spell: Olgreb's Toxic Radiance
  5081 | D:4      | Found a blossoming altar of Fedhas.
  5248 | D:5      | Entered Level 5 of the Dungeon
  5546 | D:5      | Reached XP level 7. HP: 35/35 MP: 5/12
  5661 | D:4      | Bought a heavy robe for 131 gold pieces
  5661 | D:4      | Identified the +2 robe "Xuebusof" {Drain rN++ Str+4} (You
                  | bought it in a shop on level 4 of the Dungeon)
  6229 | D:4      | Slain by an ice beast

Illustrated notes

Levels and vault maps discovered:
D:1:      dpeg_arrival_court, layout_basic, hangedman_decor_growths
D:2:      layout_loops_cross, hellmonk_ecumenical_altar_defaced_shrine
D:3:      wander_river, layout_loops_corners, nicolae_overflow_ecumenical_swirl
D:4:      layout_basic, serial_shops, nicolae_shop_stone, minmay_ruined_shrine
D:5:      layout_rooms, mainiacjoe_overflow_catwalk,
          mainiacjoe_overflow_alcove_2, minmay_temple_entry_poolview

Skill      XL: |  1  2  3  4  5  6  7 |
---------------+----------------------+-----
Dodging        | 3 4 |  4.0
Short Blades   | 1 2 3 |  3.0
Spellcasting   | 3 |  3.7
Transmutations | 2 3 |  3.8
Translocations | 1 2 3 |  3.2
Air Magic      | 1 2 |  2.0
Evocations     | 1 2 |  2.0
Fighting       | 1 2 |  2.7
Stealth        | 4 |  4.0
Poison Magic   | 4 |  4.4

Action                   |  1- 3 |  4- 6 |  7- 9 || total
-------------------------+-------+-------+-------++-------
Melee: Club              |     5 |       |       ||     5
       Dagger            |    27 |    18 |    27 ||    72
 Cast: Sting             |    60 |    88 |    14 ||   162
       Poisonous Vapours |       |    44 |     1 ||    45
  Use: Scroll            |     5 |     1 |     7 ||    13
       Potion            |     1 |       |       ||     1
 Stab: Sleeping          |     2 |     1 |       ||     3
Armor: Robe              |     3 |     3 |     2 ||     8
Dodge: Dodged            |    31 |    46 |    28 ||   105

Table legend: (Time is in decaauts)
 A = Elapsed time spent in this place.
 B = Non-inter-level travel time spent in this place.
 C = Inter-level travel time spent in this place.
 D = Time resting spent in this place.
 E = Time spent auto-exploring this place.
 F = Levels seen in this place.
 G = Mean time per level.
                   A        B        C        D        E       F      G
               +--------+--------+--------+--------+--------+-----+--------+
         Total |   4919 |   4686 |    233 |   1141 |   2740 |   5 |  983.8 |
       Dungeon |   4919 |   4686 |    233 |   1141 |   2740 |   5 |  983.8 |
               +--------+--------+--------+--------+--------+-----+--------+

Top non-repeatable levels by time:
     D:4: 1664 daAuts
     D:3: 1376 daAuts
     D:2: 785 daAuts
     D:1: 740 daAuts
     D:5: 353 daAuts
